 Dungeon Crawl Stone Soup version 0.29-a0-352-g0917bc69df (webtiles) character file.

Game seed: 15342441751822487903

9556 sammy202020 the Fighter (level 11, -5/90 HPs)
             Began as a Demonspawn Berserker on Apr 25, 2022.
             Was a High Priest of Trog.
             Slain by a shadow wraith (17 damage)
             ... on level 3 of the Abyss.
             The game lasted 00:15:14 (9911 turns).

sammy202020 the Fighter (Demonspawn Berserker)      Turns: 9911, Time: 00:15:15

Health: -5/90      AC: 22    Str: 21    XL:     11   Next: 24%
Magic:  9/9        EV:  7    Int: 11    God:    Trog [*****.]
Gold:   443        SH:  0    Dex: 13    Spells: 10/10 levels left

rFire   . . .      SeeInvis .   a - +1 hand axe (protect)
rCold   + . .      Faith    .   (no shield)
rNeg    . . .      Spirit   .   D - +0 plate armour
rPois   .          Reflect  .   (no helmet)
rElec   .          Harm     .   x - +0 cloak
rCorr   .          Rampage  .   (no gloves)
Will    +....                   (no boots)
Stlth   ..........              e - amulet of the acrobat
HPRegen 0.25/turn               t - ring of protection from cold
MPRegen 0.11/turn               v - ring of willpower

@: confused
A: hooves 2, icemail 2, spiny 1, condensation shield, demonic touch 2, low MP 1,
strong 1, subdued magic 1
a: Renounce Religion, Berserk, Trog's Hand, Brothers in Arms


You were on level 3 of the Abyss.
You worshipped Trog.
Trog was extremely pleased with you.
You visited 1 branch of the dungeon, and saw 10 of its levels.
You visited the Abyss 1 time.

You collected 588 gold pieces.
You spent 145 gold pieces at shops.

Inventory:

Hand Weapons
 a - a +1 hand axe of protection (weapon)
 q - a +4 flail of venom
 A - a +0 war axe
 C - a +0 club
Missiles
 g - 16 poisoned darts (quivered)
 i - a curare-tipped dart
 s - 4 javelins
Armour
 x - a +0 cloak (worn)
 D - a +0 plate armour (worn)
Jewellery
 e - an amulet of the acrobat (around neck)
 f - a +6 ring of intelligence
 t - a ring of protection from cold (left hand)
 v - a ring of willpower (right hand)
 w - an amulet of faith
 y - the amulet "Qaodohod" {RegenMP Fragile rCorr Str+3}
   (You bought it in a shop on level 6 of the Dungeon)

   [amulet of magic regeneration]

   It increases your rate of magic regeneration.
   Str:       It affects your strength (+3).
   rCorr:     It protects you from acid and corrosion.
   Fragile:   It will be destroyed if unequipped.
Wands
 c - a wand of polymorph (8)
Scrolls
 k - a scroll of brand weapon
 l - a scroll of acquirement {unknown}
 r - 2 scrolls of fog
 z - 5 scrolls of identify
 E - 2 scrolls of amnesia {unknown}
 F - a scroll of vulnerability {unknown}
 I - a scroll of blinking
Potions
 b - 3 potions of brilliance
 d - 4 potions of lignification
 h - 2 potions of heal wounds {unknown}
 j - 3 potions of curing
 m - 3 potions of ambrosia
 n - a potion of flight
 o - 2 potions of haste
 p - a potion of might
 u - 2 potions of attraction
 B - a potion of magic
 H - a potion of degeneration {unknown}
Miscellaneous
 G - a tin of tremorstones (2/2)


   Skills:
 * Level 10.0 Fighting
 * Level 9.2 Axes
 + Level 6.4 Armour
 + Level 2.5 Dodging
 * Level 8.2 Unarmed Combat
 + Level 1.1 Evocations


You had 10 spell levels left.
You didn't know any spells.
Your spell library was empty.

Dungeon Overview and Level Annotations

Branches:
Dungeon (10/15)            Temple (0/1) D:7            Lair (0/6) D:8
    Orc: D:9-12

Altars:
Cheibriados
Elyvilon
Gozag
Hepliaklqana
Okawaru
Ru
Uskayaw
Vehumet
Xom
Yredelemnul

Shops:
D:1 =*   D:5 !   D:6 *

Annotations:
D:10 sammy202020's ghost, journeyman PaBe


Innate Abilities, Weirdness & Mutations

You have hoof-like feet.
A meltable icy envelope protects you from harm. (AC +8)
You are partially covered in sharp spines.
A meltable shield of frost defends you. (SH +4)
Your touch may inflict irresistible damage on your foes.
Your magical capacity is low. (-10% MP)
Your muscles are strong. (Str +2)
Your spells are a little easier to cast, but a little less powerful.


Message History

2 golden eyes come into view.
The golden eye turns its gaze towards you.
The blink frog blinks! x2
You barely miss the blink frog. Your kick misses the blink frog.
You touch the blink frog.
The blink frog is heavily wounded.
The blink frog hits you but does no damage.
A golden eye comes into view.
The blink frog is struck by your spines.
The blink frog hits you but does no damage.
You completely miss the blink frog.
The golden eye turns its gaze towards you.
Your kick misses the blink frog.
The blink frog is severely wounded.
The blink frog blinks!
A tentacled starspawn comes into view.
The blink frog blinks!
The blink frog attacks as you move away!
The blink frog closely misses you.
The blink frog is struck by your spines.
The blink frog barely misses you.
The blink frog blinks!
You miss the blink frog. You kick the blink frog!
The blink frog is severely wounded.
You barely miss the blink frog. The golden eye blinks at you.
You resist with almost no effort.
The blink frog blinks!
The blink frog is struck by your spines.
The blink frog hits you but does no damage.
Tentacles burst from the starspawn's body! 2 starspawn tentacles come into view.
The golden eye blinks!
The blink frog hits you!
* * * LOW HITPOINT WARNING * * *
The golden eye blinks at you.
You are confused.
Unknown command.
You completely miss the blink frog. You kick the blink frog!
You kill the blink frog!
That felt strangely unrewarding.
You miss something. Something hits you!
You die...

.# #. .##.#.# ##
#...## .# .. #..
#.##....# .# ###. #.
##...##.##.###G##.#x
# #.#..#G...##.G§.
..#
#.#.#.#.#X....#G#.
... #..#.#F..#
...§§§....#
#..w..#.#.#..x.##.
.#. #...V#@.#.####..
#.#### ##.# #†#x#.#
#.#.###. #. #.#F.#.#
##.#.. #...#. . #. .
####.#... ... .
#..### ... '. #.# ##
. #


You could see a large abomination, 2 blink frogs, a small abomination, a
starspawn tentacle and a golden eye.

Vanquished Creatures
  A hydra (D:10)
  A centaur warrior (D:9)
  A two-headed ogre (D:6)
  Erica (D:8)
  A smoke demon (Abyss:3)
  A kobold demonologist (D:10)
  3 trolls
  A blink frog (Abyss:3)
  4 wyverns (D:8)
  6 yaks (D:8)
  A basilisk (D:8)
  2 steam dragons
  Edmund (D:4)
  4 water moccasins
  An acid dragon (D:9)
  An orc warrior (D:6)
  An ice beast (D:6)
  A sky beast (D:7)
  An ogre (D:5)
  3 centaurs
  A phantom (D:5)
  4 kobold brigands
  A small abomination (Abyss:3)
  3 bullfrogs
  A necrophage (D:6)
  5 scorpions
  2 gnoll sergeants (D:8)
  10 wights
  10 killer bees
  A howler monkey (D:6)
  A crimson imp (D:5)
  Crazy Yiuf (D:5)
  5 hounds
  5 orc priests
  13 orc wizards
  3 iguanas
  16 gnolls
  2 adders (D:4)
  2 shadow imps
  4 white imps
  2 ufetubi
  A worm (D:3)
  A dart slug (D:4)
  42 orcs
  7 ball pythons
  4 bats
  7 endoplasms
  3 giant cockroaches
  6 goblins
  8 hobgoblins
  8 jackals
  5 quokkas
  2 frilled lizards (D:1)
  13 kobolds
  3 rats
238 creatures vanquished.

Vanquished Creatures (others)
  An ice beast (D:7)
  An orc wizard (D:6)
  6 fungi
  7 plants
  A starspawn tentacle (Abyss:3)
16 creatures vanquished.

Grand Total: 254 creatures vanquished

Notes
Turn   | Place    | Note
-------+----------+-------------------------------------------
     0 | D:1      | sammy202020 the Demonspawn Berserker began the quest for
                  | the Orb.
     0 | D:1      | Reached XP level 1. HP: 18/18 MP: 1/1
   171 | D:1      | Found Wioruzie's Assorted Antiques.
   627 | D:1      | Discovered your monstrous ancestry.
   627 | D:1      | Gained mutation: You have large cloven feet. [demonic
                  | ancestry]
   627 | D:1      | Reached XP level 2. HP: 19/24 MP: 2/2
   744 | D:1      | Found Sob Ytote's Jewellery Shoppe.
  1047 | D:1      | Gained mutation: A meltable shield of frost defends you.
                  | (SH +4) [demonic ancestry]
  1047 | D:1      | Reached XP level 3. HP: 29/29 MP: 3/3
  1051 | D:1      | Reached ** piety under Trog
  1192 | D:1      | You fall into a shaft and drop 1 floor!
  1896 | D:3      | Gained mutation: You have hoof-like feet. [demonic
                  | ancestry]
  1896 | D:3      | Reached XP level 4. HP: 21/37 MP: 4/4
  2153 | D:3      | Noticed a centaur
  2160 | D:3      | Killed a centaur
  2161 | D:3      | Reached skill level 4 in Fighting
  2161 | D:3      | Gained mutation: Your touch may inflict minor irresistible
                  | damage on your foes. [demonic ancestry]
  2161 | D:3      | Reached XP level 5. HP: 33/42 MP: 5/5
  2769 | D:4      | Noticed Edmund
  2774 | D:4      | Reached skill level 1 in Unarmed Combat
  2779 | D:4      | Killed Edmund
  2780 | D:4      | Gained mutation: Your touch may inflict irresistible damage
                  | on your foes. [demonic ancestry]
  2780 | D:4      | Reached XP level 6. HP: 50/50 MP: 6/6
  3004 | D:4      | Reached skill level 5 in Fighting
  3085 | D:4      | Gained mutation: A meltable icy envelope protects you from
                  | harm. (AC +8) [demonic ancestry]
  3085 | D:4      | Reached XP level 7. HP: 48/56 MP: 7/7
  3411 | D:5      | Entered Level 5 of the Dungeon
  3520 | D:5      | Reached *** piety under Trog
  3525 | D:5      | Gained mutation: You are somewhat resistant to further
                  | mutation. [potion of mutation]
  3573 | D:5      | Reached skill level 5 in Axes
  3712 | D:5      | Found a runed translucent door.
  3713 | D:5      | Noticed Crazy Yiuf
  3776 | D:5      | Found a snail-covered altar of Cheibriados.
  3778 | D:5      | Found a sacrificial altar of Ru.
  3779 | D:5      | Found a shimmering altar of Xom.
  3779 | D:5      | Found a radiant altar of Vehumet.
  4004 | D:5      | Found an opulent altar of Gozag.
  4028 | D:5      | Found Berphuim's Distillery.
  4476 | D:5      | Killed Crazy Yiuf
  4545 | D:6      | Found Wibui's Assorted Antiques.
  4553 | D:6      | Gained mutation: A meltable icy envelope protects you from
                  | harm. (AC +8) [demonic ancestry]
  4553 | D:6      | Reached XP level 8. HP: 64/64 MP: 8/8
  4555 | D:6      | Reached skill level 6 in Fighting
  4631 | D:6      | Bought a steaming garnet amulet for 145 gold pieces
  4631 | D:6      | Identified the amulet "Qaodohod" {RegenMP Fragile rCorr
                  | Str+3} (You bought it in a shop on level 6 of the Dungeon)
  4719 | D:6      | Noticed a two-headed ogre
  4731 | D:6      | Killed a two-headed ogre
  4732 | D:6      | Reached skill level 7 in Fighting
  4732 | D:6      | Reached skill level 5 in Unarmed Combat
  4732 | D:6      | Reached XP level 9. HP: 30/72 MP: 9/9
  4756 | D:6      | Found a hide-covered altar of Uskayaw.
  5722 | D:6      | Found a hazy altar of Hepliaklqana.
  5896 | D:7      | Reached **** piety under Trog
  5971 | D:7      | Found a staircase to the Ecumenical Temple.
  5988 | D:7      | Reached skill level 5 in Armour
  5998 | D:7      | Lost mutation: You are somewhat resistant to further
                  | mutation. [potion of mutation]
  5998 | D:7      | Gained mutation: You tend to lose your temper in combat.
                  | [potion of mutation]
  5998 | D:7      | Gained mutation: Your spells are a little easier to cast,
                  | but a little less powerful. [potion of mutation]
  5998 | D:7      | Gained mutation: Your muscles are strong. (Str +2) [potion
                  | of mutation]
  6242 | D:7      | Reached skill level 8 in Fighting
  6683 | D:8      | Found a staircase to the Lair.
  6704 | D:8      | Gained mutation: You are partially covered in sharp spines.
                  | [demonic ancestry]
  6704 | D:8      | Reached XP level 10. HP: 66/82 MP: 10/10
  6906 | D:8      | Found an iron altar of Okawaru.
  7005 | D:8      | Reached skill level 9 in Fighting
  7015 | D:8      | Noticed Erica
  7025 | D:8      | Killed Erica
  7314 | D:8      | Reached ***** piety under Trog
  7325 | D:8      | Lost mutation: You tend to lose your temper in combat.
                  | [potion of mutation]
  7325 | D:8      | Lost mutation: Your spells are a little easier to cast, but
                  | a little less powerful. [potion of mutation]
  7325 | D:8      | Gained mutation: Your spells are a little easier to cast,
                  | but a little less powerful. [potion of mutation]
  7325 | D:8      | Gained mutation: Your magical capacity is low. (-10% MP)
                  | [potion of mutation]
  7325 | D:8      | Gained mutation: Your mind is acute. (Int +2) [potion of
                  | mutation]
  8013 | D:8      | Found a basalt altar of Yredelemnul.
  8953 | D:9      | Noticed a centaur warrior
  8964 | D:9      | Killed a centaur warrior
  8965 | D:9      | Reached XP level 11. HP: 74/90 MP: 9/9
  9066 | D:10     | Entered Level 10 of the Dungeon
  9091 | D:10     | Found a runed translucent gate.
  9091 | D:10     | Found a runed translucent gate.
  9094 | D:10     | Noticed sammy202020's ghost (journeyman PaBe)
  9522 | D:10     | Noticed a four-headed hydra
  9533 | D:10     | Killed a five-headed hydra
  9534 | D:10     | Reached skill level 10 in Fighting
  9647 | D:10     | Found a runed translucent gate.
  9771 | D:10     | Lost mutation: Your mind is acute. (Int +2) [a neqoxec]
  9772 | D:10     | Reached skill level 1 in Evocations
  9780 | D:10     | Cast into level 2 of the Abyss (kobold brigand)
  9906 | Abyss:3  | Noticed a tentacled starspawn
  9911 | Abyss:3  | Slain by a shadow wraith

Illustrated notes

Levels and vault maps discovered:
D:1:      elethiomel_arrival_infinity_welcomes_careful_drivers,
          layout_loops_corners, serial_shops, nicolae_shop_overgrown_old_shop,
          shop, due_unseen_surprise
D:2:      layout_basic
D:3:      layout_rooms, dk_vineyard_1
D:4:      layout_basic, uniq_edmund
D:5:      layout_loops_ring, grunt_temple_overflow_open, serial_shops, shop,
          minmay_fire_ice_demons, uniq_crazy_yiuf_cottage
D:6:      layout_basic, mainiacjoe_overflow_concentric_impassable,
          nicolae_hepliaklqana_hippocampus, serial_shops, shop,
          hangedman_decor_diamond_cutter
D:7:      layout_loops_ring, temple_fountains
D:8:      layout_basic, kennysheep_ying_yang, lemuel_crystal_altar,
          minmay_lair_entry_grove, enter_bailey_2, minivault_24, uniq_erica
D:9:      layout_loops_ring, small_chamber_with_monster
D:10:     layout_basic, gammafunk_ghost_nasty_kobolds, library_closet
Abyss:3:  base:
D:9

Skill      XL: |  1  2  3  4  5  6  7  8  9 10 11 |
---------------+----------------------------------+-----
Dodging        | 2 |  2.5
Armour         | 2 3 4 5 6 |  6.4
Axes           | 3 4 5 6 7 9 |  9.2
Fighting       | 4 5 7 8 9 10 | 10.0
Unarmed Combat | 1 2 3 5 6 7 8 |  8.2
Evocations     | 1 |  1.1

Action                   |  1- 3 |  4- 6 |  7- 9 | 10-12 || total
-------------------------+-------+-------+-------+-------++-------
Melee: Hand axe          |   118 |    90 |   312 |   221 ||   741
       Kick              |    26 |    24 |    99 |    89 ||   238
       Touch             |       |    11 |    59 |    43 ||   113
       Punch             |       |     1 |     9 |    11 ||    21
       Flail             |       |       |       |     5 ||     5
Invok: Berserk           |     1 |     1 |     4 |     1 ||     7
       Trog's Hand       |       |       |     2 |     2 ||     4
  Use: Scroll            |     3 |     3 |    12 |       ||    18
       Potion            |       |       |     2 |     1 ||     3
Armor: Leather armour    |    12 |       |       |       ||    12
       Animal skin       |     6 |       |       |       ||     6
       Ring mail         |    27 |    46 |    97 |       ||   170
       Plate armour      |       |       |   137 |   178 ||   315
Dodge: Dodged            |    86 |    78 |   198 |   109 ||   471
Block: Other             |    11 |    29 |    57 |    29 ||   126

Table legend: (Time is in decaauts)
 A = Elapsed time spent in this place.
 B = Non-inter-level travel time spent in this place.
 C = Inter-level travel time spent in this place.
 D = Time resting spent in this place.
 E = Time spent auto-exploring this place.
 F = Levels seen in this place.
 G = Mean time per level.
                   A        B        C        D        E       F      G
               +--------+--------+--------+--------+--------+-----+--------+
         Total |   9968 |   9828 |    140 |    154 |   8012 |  12 |  830.7 |
       Dungeon |   9830 |   9690 |    140 |    154 |   7939 |  10 |  983.0 |
         Abyss |    137 |    137 |      0 |      0 |     73 |   2 |   68.5 |
               +--------+--------+--------+--------+--------+-----+--------+

Top non-repeatable levels by time:
     D:8: 1420 daAuts
     D:6: 1343 daAuts
     D:1: 1211 daAuts
     D:5: 1134 daAuts
     D:9: 949 daAuts
     D:4: 844 daAuts
     D:7: 823 daAuts
     D:3: 744 daAuts
    D:10: 703 daAuts
     D:2: 655 daAuts
 Abyss:3: 127 daAuts
 Abyss:2: 9 daAuts
